 Dungeon Crawl Stone Soup version 0.29-a0-72-g1732ff48e7 (webtiles) character file.

Game seed: 11487185010092120587

133 Hubjo the Sneak (level 4, -2/33 HPs)
             Began as a Vampire Enchanter on Feb 3, 2022.
             Was a Follower of Trog.
             Slain by a worm (9 damage)
             ... on level 2 of the Dungeon.
             The game lasted 00:03:40 (943 turns).

Hubjo the Sneak (Vampire Enchanter)                  Turns: 943, Time: 00:03:41

Health: -2/33      AC:  2    Str:  7    XL:     4   Next: 93%
Magic:  7/7        EV: 13    Int: 17    God:    Trog [*.....]
Gold:   127        SH:  0    Dex: 16    Spells: 7/7 levels left

rFire   . . .      SeeInvis +   a - +1 dagger
rCold   . . .      Faith    .   (no shield)
rNeg    . . .      Spirit   .   b - +0 robe
rPois   .          Reflect  .   (no helmet)
rElec   .          Harm     .   (no cloak)
rCorr   .          Rampage  .   (no gloves)
Will    ++...                   (no boots)
Stlth   +++.......              (no amulet)
HPRegen 1.31/turn               (no ring)
MPRegen 0.10/turn               (no ring)

@: strong-willed, regenerating
A: alive, fangs 3, see invisible, vampiric 2
a: Exsanguinate, Renounce Religion, Berserk


You were on level 2 of the Dungeon.
You worshipped Trog.
Trog was aware of your devotion.
You visited 1 branch of the dungeon, and saw 2 of its levels.

You collected 127 gold pieces.

Inventory:

Hand Weapons
 a - a +1 dagger (weapon)
Armour
 b - a +0 robe (worn)
Scrolls
 d - a scroll of magic mapping {unknown}
 e - a scroll of fear {unknown}
 g - a scroll of vulnerability {unknown}
 i - a scroll of amnesia {unknown}
 j - a scroll of brand weapon {unknown}
 k - a scroll of silence {unknown}
Potions
 c - a potion of invisibility
 f - a potion of mutation {unknown}
 h - a potion of brilliance {unknown}
 l - 2 potions of heal wounds {unknown}


   Skills:
 * Level 2.2 Fighting
 + Level 2.2 Short Blades
 + Level 3.0 Dodging
 * Level 6.1 Stealth
 - Level 2.0 Spellcasting
 - Level 4.4 Hexes


You had 7 spell levels left.
You didn't know any spells.
Your spell library contained the following spells:

 Spells                   Type           Power      Damage    Failure   Level
 Confusing Touch          Hex            16%        N/A       10%         3
 Tukima's Dance           Hex            16%        N/A       10%         3
 Ensorcelled Hibernation  Hex/Ice        18%        N/A       12%         2
 Dazzling Flash           Conj/Hex       18%        N/A       24%         3


Dungeon Overview and Level Annotations

Branches:
Dungeon (2/15)

Altars:
Trog

Shops:
D:1 :((:[


Innate Abilities, Weirdness & Mutations

Your natural rate of healing is accelerated.
You have razor-sharp teeth.
You have supernaturally acute eyesight. (SInv)
You are afflicted with vampirism and can become a bat while bloodless.


Message History

The worm is lightly wounded.
You hit the worm.
The worm is moderately wounded.
The worm bites you but does no damage.
You hit the worm.
The worm is moderately wounded.
The worm bites you.
You hit the worm.
The worm is moderately wounded.
You barely miss the worm.
The worm is moderately wounded.
The worm bites you!
You hit the worm.
The worm is heavily wounded.
You hit the worm. Your bite misses the worm.
The worm is heavily wounded.
The worm bites you but does no damage.
You barely miss the worm.
The worm is heavily wounded.
You hit the worm.
The worm is severely wounded.
The worm bites you.
You barely miss the worm.
The worm is severely wounded.
You hit the worm.
The worm is severely wounded.
The worm bites you.
You hit the worm but do no damage.
The worm is severely wounded.
You hit the worm.
The worm is almost dead.
The worm bites you!
* * * LOW HITPOINT WARNING * * *
Your skin crawls.
You feel strong-willed.
You can no longer call upon Trog for regeneration and willpower.
You hit the worm.
The worm is almost dead.
The worm bites you!
You die...

#.#........###.##
#.########.# #.# #. #.#
#.# #. #.# #.### #. #.#
#...# .#####. #.# ###.#
.......## #.# #.#
........#######.#####.#
..........w@....##....#
...####.##########.#..#
#.# ####.##..# #.#
#.#.###### #.# ##.##
#.# ### #.# #..


You could see a worm.

Vanquished Creatures
  An ogre (D:2)
  Robin (D:2)
  2 dart slugs
  4 ball pythons
  3 endoplasms
  A giant cockroach (D:1)
  9 goblins
  4 hobgoblins
  A jackal (D:2)
  A kobold (D:1)
  A frilled lizard (D:1)
  2 rats (D:1)
30 creatures vanquished.

Notes
Turn   | Place    | Note
-------+----------+-------------------------------------------
     0 | D:1      | Hubjo the Vampire Enchanter began the quest for the Orb.
     0 | D:1      | Reached XP level 1. HP: 13/13 MP: 3/3
    16 | D:1      | Found Loimuruomi's Weapon Shoppe.
    39 | D:1      | Found Jotwa's Book Shop.
    63 | D:1      | Found a faded altar of an unknown god.
    72 | D:1      | Prayed at the altar of an unknown god.
    72 | D:1      | Became a worshipper of Trog the Wrathful
    72 | D:1      | Reached * piety under Trog
    90 | D:1      | Found Sailekk's Antique Armour Boutique.
   216 | D:1      | Found Ituklanotz's Weapon Shop.
   234 | D:1      | Reached XP level 2. HP: 14/20 MP: 5/5
   433 | D:1      | Found Kacaur's Book Shoppe.
   466 | D:1      | Reached skill level 1 in Fighting
   498 | D:1      | Reached skill level 5 in Stealth
   560 | D:2      | Noticed an ogre
   572 | D:2      | Killed an ogre
   573 | D:2      | Reached skill level 6 in Stealth
   573 | D:2      | Gained mutation: You are afflicted with vampirism and can
                  | become a bat while bloodless. [Vampire growth]
   573 | D:2      | Reached XP level 3. HP: 12/27 MP: 6/6
   573 | D:2      | Reached XP level 4. HP: 15/33 MP: 7/7
   758 | D:2      | Noticed Robin
   776 | D:2      | Killed Robin
   922 | D:2      | Reached ** piety under Trog
   943 | D:2      | Slain by a worm

Illustrated notes

Levels and vault maps discovered:
D:1:      amcnicky_arrival_single_pillar, layout_basic, basic_ecumenical_altar,
          serial_shops, shop, shop_fountains, nicolae_square_shop,
          nicolae_lakefront_shop, shop, minmay_misc_feat_ornament
D:2:      layout_loops_ring, basic_altar, st_stairs_14, amethyst_killhole,
          eino_tiny_chamber, uniq_sigmund, uniq_robin

Skill      XL: |  1  2  3  4 |
---------------+-------------+-----
Fighting       | 2 |  2.2
Stealth        | 6 |  6.1
Short Blades   | 2 |  2.2
Dodging        | 3 |  3.0
Spellcasting   | |  2.0
Hexes          | |  4.4

Action                   |  1- 3 |  4- 6 || total
-------------------------+-------+-------++-------
Melee: Dagger            |    41 |    66 ||   107
       Bite              |     5 |     3 ||     8
       Punch             |       |     1 ||     1
Invok: Berserk           |     1 |     1 ||     2
       Trog's Hand       |       |     1 ||     1
 Stab: Sleeping          |     4 |       ||     4
Armor: Robe              |     2 |     7 ||     9
Dodge: Dodged            |    17 |    28 ||    45

Table legend: (Time is in decaauts)
 A = Elapsed time spent in this place.
 B = Non-inter-level travel time spent in this place.
 C = Inter-level travel time spent in this place.
 D = Time resting spent in this place.
 E = Time spent auto-exploring this place.
 F = Levels seen in this place.
 G = Mean time per level.
                   A        B        C        D        E       F      G
               +--------+--------+--------+--------+--------+-----+--------+
         Total |    955 |    814 |    141 |      0 |    576 |   2 |  477.5 |
       Dungeon |    955 |    814 |    141 |      0 |    576 |   2 |  477.5 |
               +--------+--------+--------+--------+--------+-----+--------+

Top non-repeatable levels by time:
     D:1: 547 daAuts
     D:2: 407 daAuts
